[Event "Early-Titled-Tuesday-Blitz-October-24-2023"]
[Site "Chess.com"]
[Date "2023.10.24"]
[Round "11"]
[White "adotand"]
[Black "RETURNOFTHELAGGER"]
[Result "1-0"]
[WhiteElo "2834"]
[BlackElo "2676"]
[TimeControl "180+1"]
[EndTime "10:02:30 PDT"]
[Termination "adotand won by resignation"]

1. Nf3 Nf6 2. c4 g6 3. e3 Bg7 4. d4 O-O 5. Be2 c5 6. d5 d6 7. Nc3 e6 8. O-O exd5 9. cxd5 Re8 10. Nd2 Nbd7 11. a4 a6 12. e4 Rb8 13. Nc4 Nxe4 14.
Nxe4 Rxe4 15. Nxd6 Rd4 16. Qb3 Qe7 17. Nxc8 Qxe2 18.
Nd6 Be5 19. Be3 Rb4 20. Qa3 Bxd6 21. Rae1 Qh5 22. h3 Ne5 23. Qc3 b6 24. f4 Nd7 25.
Bc1 Qxd5 26. Rd1 Qc6 27. b3 Rd4 28. Rxd4 Bf8 29. Rdd1 Bg7 30. Qd3 Nf6 31. Bb2 Re8 32. f5 1-0

[Event "Early-Titled-Tuesday-Blitz-October-24-2023"]
[Site "Chess.com"]
[Date "2023.10.24"]
[Round "11"]
[White "Beca95"]
[Black "mind1mover"]
[Result "1/2-1/2"]
[WhiteElo "2926"]
[BlackElo "2825"]
[TimeControl "180+1"]
[EndTime "10:02:31 PDT"]
[Termination "Game drawn by repetition"]

1. c4 e5 2. Nf3 Nc6 3. Nc3 Bb4 4. Nd5 a5 5. a3 Be7 6. d3 Nf6 7. g3 O-O 8. Bg2 d6 9. b3 Re8 10. Bb2 Bf8 11. O-O Be6 12. e4 Bg4 13. h3 Bxf3 14. Bxf3 Nd7 15. Bg2 Nc5 16. f4 a4 17. b4 Nb3 18.
Ra2 Ncd4 19. f5 c6 20. Ne3 Qg5 21. Qe1 h5 22. Bc3 b5 23. h4 Qh6 24. Raf2 bxc4 25.
dxc4 Be7 26. f6 Bxf6 27. Rxf6 gxf6 28. Bh3 Kh8 29. Kh2 Rg8 30. Qf2 Rg6 31. Bf5 Rg7 32. Rg1 Rag8 33. Rg2 Nc1 34. Bd2 Ncb3 35. Bc3 Rg6 36.
Rg1 R6g7 37. Rg2 1/2-1/2

[Event "Early-Titled-Tuesday-Blitz-October-24-2023"]
[Site "Chess.com"]
[Date "2023.10.24"]
[Round "11"]
[White "masterofpuppets2"]
[Black "amanjazu"]
[Result "0-1"]
[WhiteElo "2533"]
[BlackElo "2437"]
[TimeControl "180+1"]
[EndTime "10:02:32 PDT"]
[Termination "amanjazu won by resignation"]

1. d4 Nf6 2. c4 g6 3. f3 Bg7 4.
e4 d6 5. Nc3 O-O 6. Be3 Nbd7 7.
Bd3 c5 8. Nge2 a6 9. Qd2 Re8 10. e5 cxd4 11. Bxd4 Nxe5 12. Bxe5 dxe5 13. O-O Bf5 14.
Rad1 Qb6+ 15. Kh1 Red8 16. Qc2 Rxd3 17. Rxd3 Bxd3 18. Qxd3 Rd8 19. Qc2 Qe3 20. Rd1 Rxd1+ 21. Qxd1 e4 22. Qd8+ Bf8 23. f4 Nh5 24. Qc7 Qf2 25.
h3 Bh6 26. Qb8+ Kg7 27. Qe5+ Kg8 28. Qb8+ Kg7 29. Qe5+ Kg8 30. Nxe4 Qxe2 31. Nf6+ exf6 32. Qxe2 Ng3+ 33. Kg1 Nxe2+ 34. Kf2 Nxf4 35. h4 Ne6 36. Kf3 g5 37. h5 f5 0-1

[Event "Early-Titled-Tuesday-Blitz-October-24-2023"]
[Site "Chess.com"]
[Date "2023.10.24"]
[Round "11"]
[White "fen_fire"]
[Black "cthulhuuu"]
[Result "0-1"]
[WhiteElo "2524"]
[BlackElo "2428"]
[TimeControl "180+1"]
[EndTime "10:02:32 PDT"]
[Termination "cthulhuuu won on time"]

1. Nf3 Nf6 2. e3 g6 3. b4 Bg7 4. Bb2 O-O 5. Be2 d6 6. O-O e5 7. d4 e4 8. Nfd2 Re8 9. c4 Nbd7 10. Nc3 Nf8 11. a4 Bf5 12. a5 h5 13. b5 a6 14. Re1 N8h7 15. Nf1 Ng4 16. bxa6 bxa6 17.
Qb3 Rb8 18. Qa2 Qh4 19. g3 Qh3 20. Nd5 Bh6 21. Nf4 Bxf4 22. exf4 e3 23. f3 h4 24. Bc1 hxg3 25. hxg3 Nf2 26. Nh2 Qxg3+ 27. Kf1 Nh3 0-1

[Event "Early-Titled-Tuesday-Blitz-October-24-2023"]
[Site "Chess.com"]
[Date "2023.10.24"]
[Round "11"]
[White "JimDiGrease"]
[Black "the_chess_child"]
[Result "1-0"]
[WhiteElo "2885"]
[BlackElo "2938"]
[TimeControl "180+1"]
[EndTime "10:02:33 PDT"]
[Termination "JimDiGrease won by resignation"]

1. d4 Nf6 2. c4 g6 3. h4 Bg7 4. Nc3 O-O 5. e4 d6 6. Be2 Nbd7 7. h5 c5 8. d5 Ne5 9. h6 Bh8 10. f3 e6 11. Bg5 exd5 12. exd5 Re8 13. Kf1 Nxd5 14.
Nxd5 Qxg5 15. Nc7 Bf5 16. Nxa8 Rxa8 17. g4 Be6 18. Nh3 Qf6 19. Nf2 Nxc4 20. Bxc4 Bxc4+ 21. Kg2 Qxb2 22. Rb1 Qxa2 23. Rxb7 Bd4 24. Qe1 Bd5 25.
Rd7 Qa6 26. Qe7 Qc8 27. Re1 a5 28. Rxd6 Be6 29. Rexe6 fxe6 30. Rd7 1-0

[Event "Early-Titled-Tuesday-Blitz-October-24-2023"]
[Site "Chess.com"]
[Date "2023.10.24"]
[Round "11"]
[White "FREDERICKtheMATE"]
[Black "Orujov2008"]
[Result "0-1"]
[WhiteElo "2590"]
[BlackElo "2736"]
[TimeControl "180+1"]
[EndTime "10:02:35 PDT"]
[Termination "Orujov2008 won by checkmate"]

1. Nf3 Nf6 2. d4 d5 3. c4 e6 4. Nc3 Be7 5. Bf4 O-O 6. e3 Nbd7 7. Rc1 c5 8. cxd5 Nxd5 9. Nxd5 exd5 10. a3 c4 11. Be2 b5 12. O-O b4 13. axb4 Bxb4 14. Qa4 Qe7 15. b3 c3 16. Ne5 Nxe5 17. Bxe5 Bf5 18.
Bf3 c2 19. Bxd5 Rac8 20. Bc4 Bd2 21. Ra1 Qg5 22. Qxa7 Qg6 23. Qa2 Be4 24. Bg3 h5 25. f3 h4 26. Bf4 Ra8 27. Qb2 Bd3 28. Rfc1 Bxc1 29. Rxc1 h3 30. g3 Rfc8 31. e4 Bxc4 32. bxc4 Rxc4 33. Rxc2 Rxc2 34. Qxc2 Ra1+ 35. Kf2 Qa6 36.
Qc7 Qf1+ 37. Ke3 Re1+ 38. Kd2 Re2+ 39. Kc3 Qxf3+ 40. Kb4 Rb2+ 41. Ka4 Qb3+ 42. Ka5 Qb5# 0-1

[Event "Early-Titled-Tuesday-Blitz-October-24-2023"]
[Site "Chess.com"]
[Date "2023.10.24"]
[Round "11"]
[White "InitiatingASC"]
[Black "parintele_chess"]
[Result "1-0"]
[WhiteElo "2332"]
[BlackElo "2241"]
[TimeControl "180+1"]
[EndTime "10:02:35 PDT"]
[Termination "InitiatingASC won on time"]

1. e4 e5 2. Nf3 Nc6 3. Bb5 a6 4. Ba4 Nf6 5. O-O Be7 6. Re1 b5 7. Bb3 O-O 8. c3 d5 9. exd5 Nxd5 10. Nxe5 Nxe5 11. Rxe5 c6 12. d3 Bd6 13. Re1 Qh4 14.
g3 Qh3 15. Qf3 Bg4 16. Qg2 Qh5 17. Nd2 f5 18. Bxd5+ cxd5 19. Qxd5+ Kh8 20. Qxd6 Rae8 21. Re5 Rf6 22. Qc7 Rfe6 23. d4 Rxe5 24. dxe5 f4 25.
Nf1 f3 26. h4 Bh3 27. Ne3 g5 28. hxg5 Bg4 29. Nxg4 Qxg4 30. Qc6 Rf8 31. Bf4 Qh3 32.
Qxf3 1-0

[Event "Early-Titled-Tuesday-Blitz-October-24-2023"]
[Site "Chess.com"]
[Date "2023.10.24"]
[Round "11"]
[White "K_A_S_T_O_R"]
[Black "jk13"]
[Result "1-0"]
[WhiteElo "2860"]
[BlackElo "2681"]
[TimeControl "180+1"]
[EndTime "10:02:37 PDT"]
[Termination "K_A_S_T_O_R won by resignation"]

1. e4 e5 2. Nf3 Nc6 3. Bb5 a6 4. Ba4 Nf6 5. O-O b5 6. Bb3 Bc5 7. d3 O-O 8. c3 d6 9. h3 h6 10.
Re1 Re8 11. Nbd2 Bb6 12. Nf1 Ne7 13. Ng3 Ng6 14. Be3 Bxe3 15. fxe3 c5 16. Bc2 d5 17.
exd5 Nxd5 18. Qd2 Qc7 19. Qf2 Nf6 20. d4 e4 21. Nd2 Bb7 22. Nb3 Nd7 23. Rf1 Bd5 24.
Nf5 Bc4 25. Rfd1 cxd4 26. exd4 Nf4 27. Re1 Nd3 28. Bxd3 exd3 29. Nd2 Re6 30. Rxe6 Bxe6 31. Re1 Rb8 32. Ne7+ Kf8 33. Rxe6 Nf6 34. Rxf6 gxf6 35. Qxf6 Rb6 36. Ng6+ Ke8 37. Qh8+ Kd7 38. Ne5+ Ke7 39. Qg7 Rf6 40. Ne4 Rf4 41. Nd2 Qd6 42. Nxd3 Rf5 43. Qg4 Qf6 44. Qe4+ Kf8 45. Ne5 h5 46. Nd7+ 1-0

[Event "Early-Titled-Tuesday-Blitz-October-24-2023"]
[Site "Chess.com"]
[Date "2023.10.24"]
[Round "11"]
[White "GianmarcoVaR"]
[Black "Sanyura"]
[Result "0-1"]
[WhiteElo "2717"]
[BlackElo "2601"]
[TimeControl "180+1"]
[EndTime "10:02:37 PDT"]
[Termination "Sanyura won on time"]

1. e4 c5 2. Nf3 e6 3. c3 d5 4.
e5 d4 5. g3 Nc6 6. Bg2 Nge7 7. O-O Ng6 8. Re1 Qc7 9. cxd4 cxd4 10.
d3 Bb4 11. Re4 O-O 12. Na3 a6 13. Qe2 Rd8 14. h4 b5 15. h5 Nge7 16. Bg5 h6 17. Bxe7 Qxe7 18. Nc2 Bb7 19. Nxb4 Nxb4 20. Rg4 Rac8 21.
a3 Nc6 22. Nd2 Qc7 23. Re1 Ne7 24. Bxb7 Qxb7 25. Ne4 Nf5 26. Rf4 Qd5 27. Nd2 Rc2 28. b4 Rdc8 29. Qd1 Ra2 30. Ne4 Rcc2 31. Qg4 Qxe5 32. Rxf5 exf5 33. Qf3 fxe4 34. Rxe4 Qb8 35. Re7 Qf8 36. Qd5 Ra1+ 37. Kg2 Qxe7 38. Qa8+ Kh7 39. Qd5 Raa2 40. Qf5+ g6 41. hxg6+ fxg6 0-1

[Event "Early-Titled-Tuesday-Blitz-October-24-2023"]
[Site "Chess.com"]
[Date "2023.10.24"]
[Round "11"]
[White "DarZay"]
[Black "Nick12772"]
[Result "0-1"]
[WhiteElo "2253"]
[BlackElo "2374"]
[TimeControl "180+1"]
[EndTime "10:02:37 PDT"]
[Termination "Nick12772 won by resignation"]

1. e4 e6 2. d4 d5 3. Bd3 Nf6 4. e5 Nfd7 5. c3 c5 6. Ne2 Nc6 7. O-O cxd4 8. cxd4 f6 9. f4 f5 10. Nbc3 Be7 11. Be3 O-O 12. Qe1 Qb6 13. Rb1 Nb4 14. Bc2 Nxc2 15. Qd2 Nxe3 16. Qxe3 Nb8 17. Kh1 Bd7 18.
g4 Bb5 19. gxf5 Bxe2 20. Nxe2 Rxf5 21. Qh3 Nc6 22. Rg1 Nxd4 23. Qh6 Rf7 24. f5 Nxf5 25. Qh5 Qe3 26. Rbe1 Nd4 27. Nxd4 Qxd4 28. Qh6 Raf8 29. Qxe6 Bc5 30. Ref1 Kh8 31. Rd1 Qe4+ 32. Rg2 Rf1+ 0-1

[Event "Early-Titled-Tuesday-Blitz-October-24-2023"]
[Site "Chess.com"]
[Date "2023.10.24"]
[Round "11"]
[White "Flaccidmoves"]
[Black "IljaZaragatski"]
[Result "0-1"]
[WhiteElo "2446"]
[BlackElo "2647"]
[TimeControl "180+1"]
[EndTime "10:02:38 PDT"]
[Termination "IljaZaragatski won by resignation"]

1. c4 e5 2. e3 c6 3. d4 exd4 4. exd4 d5 5. Nf3 Nf6 6. Nc3 Be7 7. Bd3 dxc4 8. Bxc4 O-O 9. h3 Nbd7 10. O-O Nb6 11. Bb3 Nfd5 12. Ne4 Re8 13. Re1 a5 14. a3 Bf5 15.
Nc5 Qc7 16. Bg5 Bxg5 17. Nxg5 h6 18. Nf3 Rad8 19. Rxe8+ Rxe8 20. Qd2 Nc8 21. Bxd5 cxd5 22. Rc1 b6 23. Nd3 Qd8 24. Nde5 Nd6 25. Rc6 Be4 26. Qf4 f6 27. Nd7 Nc4 28. Nxf6+ gxf6 29. Rxf6 Rf8 30. Qg4+ Kh7 31. Rxf8 Qxf8 32. b3 Bxf3 33. Qd7+ Qg7 34.
Qf5+ Qg6 35. Qd7+ Kh8 36. Qc8+ Qg8 37. Qxg8+ Kxg8 0-1

[Event "Early-Titled-Tuesday-Blitz-October-24-2023"]
[Site "Chess.com"]
[Date "2023.10.24"]
[Round "11"]
[White "Gyulamiryan-koryun"]
[Black "maurovargas01"]
[Result "1-0"]
[WhiteElo "1950"]
[BlackElo "1866"]
[TimeControl "180+1"]
[EndTime "10:02:38 PDT"]
[Termination "Gyulamiryan-koryun won on time"]

1. e4 d5 2. exd5 Qxd5 3. Nc3 Qa5 4. d4 c6 5. Nf3 Nf6 6. Bc4 Bg4 7. h3 Bh5 8. g4 Bg6 9. Ne5 e6 10. Bd2 Qc7 11. f4 Be4 12. Rg1 Bd5 13. g5 Ne4 14. Nxe4 Bxe4 15. Nd3 Bd6 16. Qg4 Bf5 17. Qf3 Qb6 18.
Bc3 Nd7 19. O-O-O O-O-O 20. Ne5 Nxe5 21. dxe5 Bc5 22. Rxd8+ Rxd8 23. Rd1 Be3+ 24. Kb1 Rxd1+ 25. Qxd1 Bxf4 26. b4 Bxg5 27. Qd6 Qd8 28. Qc5 Kb8 29.
Kb2 Be7 30. Qg1 g6 31. a4 Qb6 32. Qe1 Bxh3 33. a5 Qc7 34. Qg3 Bf5 35. Qh2 h5 36. Qd2 Qd8 37. Qf2 Qd1 38. Bb3 Qg4 39. Qd2 Qe4 40. Qd7 1-0

[Event "Early-Titled-Tuesday-Blitz-October-24-2023"]
[Site "Chess.com"]
[Date "2023.10.24"]
[Round "11"]
[White "chess_blitz00"]
[Black "Nbk90"]
[Result "0-1"]
[WhiteElo "2492"]
[BlackElo "2244"]
[TimeControl "180+1"]
[EndTime "10:02:39 PDT"]
[Termination "Nbk90 won on time"]

1. d4 e6 2. h4 c5 3. e3 Nf6 4. c3 b6 5. Nf3 Ba6 6. h5 Bxf1 7. Kxf1 h6 8. g3 Qc7 9. Kg2 Qb7 10. Nd2 Nc6 11. Qe2 d5 12. b3 Bd6 13. Bb2 O-O 14. Rag1 e5 15. dxe5 Nxe5 16. Nxe5 Bxe5 17. Nf3 Rfe8 18.
Kf1 Ne4 19. g4 Bxc3 20. g5 Bxb2 21. Qxb2 Qa6+ 22. Ke1 Qa5+ 23. Kd1 d4 24. gxh6 Rad8 25.
Rxg7+ Kf8 26. Kc1 Nc3 27. Ng5 Rd7 28. Nh7+ Ke7 29. exd4 Kd8 30. a3 Re2 0-1

[Event "Early-Titled-Tuesday-Blitz-October-24-2023"]
[Site "Chess.com"]
[Date "2023.10.24"]
[Round "11"]
[White "Dewarfd"]
[Black "Kostya0705"]
[Result "0-1"]
[WhiteElo "2177"]
[BlackElo "2578"]
[TimeControl "180+1"]
[EndTime "10:02:40 PDT"]
[Termination "Kostya0705 won by resignation"]

1. d4 Nf6 2. e3 e6 3. Nf3 d5 4. Bd3 Be7 5. O-O O-O 6. b3 c5 7.
Bb2 Nc6 8. a3 b6 9. Nbd2 Bb7 10.
c4 Rc8 11. Rc1 cxd4 12. Nxd4 Nxd4 13. Bxd4 Bxa3 14. Ra1 Qe7 15. Bxf6 gxf6 16. Nb1 Bc5 17. Rxa7 dxc4 18. bxc4 b5 19. Ra2 b4 20. Nd2 Rfd8 21.
Qc2 f5 22. Nb3 Bd6 23. Ra7 Rd7 24. Rfa1 Qg5 25. e4 Qf4 26. g3 Qf3 27. Qe2 Qxe2 28.
Bxe2 fxe4 29. Rd1 Rcd8 30. Na5 Bc8 31. Rxd7 Rxd7 32. Nb3 Be5 33. Rxd7 Bxd7 34. c5 Ba4 35. Bc4 Kf8 36. Kf1 Ke7 37. Ke2 Kd7 38. Ke3 f5 39. g4 Bc6 40. gxf5 exf5 41. h4 f4+ 42. Ke2 Ba4 43. Bg8 Kc6 44. Nd2 Bb5+ 45. Kd1 e3 46. fxe3 fxe3 47. Nc4 Bd4 48. Na5+ Kc7 49. Bxh7 e2+ 50.
Ke1 Bc3+ 51. Kf2 e1=Q+ 0-1

[Event "Early-Titled-Tuesday-Blitz-October-24-2023"]
[Site "Chess.com"]
[Date "2023.10.24"]
[Round "11"]
[White "ideika"]
[Black "victormago"]
[Result "0-1"]
[WhiteElo "2276"]
[BlackElo "2414"]
[TimeControl "180+1"]
[EndTime "10:02:43 PDT"]
[Termination "victormago won by resignation"]

1. e4 c5 2. c3 d5 3. exd5 Qxd5 4.
d4 g6 5. Nf3 Bg7 6. Nbd2 cxd4 7. cxd4 Nf6 8. Bc4 Qd8 9. O-O O-O 10. h3 a6 11. a4 Nc6 12. Re1 e6 13. Nb3 Na5 14. Bf1 Nd5 15. Be3 Nxe3 16. fxe3 Bd7 17. Nbd2 Rc8 18. b4 Nc6 19. Qb3 Ne7 20. Nc4 Bc6 21.
Be2 Bd5 22. Nfe5 b5 23. axb5 axb5 24. Ra7 Bxc4 25. Nxc4 bxc4 26. Bxc4 Nd5 27. b5 Nxe3 28. b6 Nxc4 29. b7 Qxd4+ 30. Kh1 Qxa7 31. bxc8=Q Rxc8 32. Rc1 Qc7 33. Kg1 h5 34. Kf1 Qf4+ 35. Ke2 Qxc1 0-1

[Event "Early-Titled-Tuesday-Blitz-October-24-2023"]
[Site "Chess.com"]
[Date "2023.10.24"]
[Round "11"]
[White "DTChess"]
[Black "Payyappat"]
[Result "0-1"]
[WhiteElo "2637"]
[BlackElo "2515"]
[TimeControl "180+1"]
[EndTime "10:02:44 PDT"]
[Termination "Payyappat won by resignation"]

1. e4 c6 2. d4 d5 3. Nc3 dxe4 4. Nxe4 Nf6 5. Nxf6+ exf6 6. c3 Bd6 7. Bd3 O-O 8. Qc2 Re8+ 9. Ne2 h5 10. h3 Nd7 11.
O-O Nf8 12. Bd2 Be6 13. Rae1 Bc7 14. f4 b5 15. b3 Qd6 16. c4 bxc4 17. bxc4 Rad8 18.
Qa4 c5 19. d5 Bxd5 20. cxd5 Qxd5 21. Nc1 Rxe1 22. Bxe1 Ne6 23. Bb1 c4 24. Qc2 g6 25.
Bc3 Qc5+ 26. Kh1 Nxf4 27. Bxf6 Re8 28. Bh4 Qc6 29. Bg3 Re2 30. Qxe2 Nxe2 31. Nxe2 Bxg3 32.
Nxg3 c3 33. Bc2 Qb5 34. Bb3 c2 35. Rc1 a5 36. Rxc2 a4 37. Bxf7+ Kxf7 38. Rf2+ Kg7 39.
Kh2 Qe5 40. Rf3 h4 41. a3 hxg3+ 42. Rxg3 Kh6 43. h4 Kh5 44. Kh3 Qf5+ 45. Kh2 Qf4 0-1

[Event "Early-Titled-Tuesday-Blitz-October-24-2023"]
[Site "Chess.com"]
[Date "2023.10.24"]
[Round "11"]
[White "gpsji27"]
[Black "mary-sanna"]
[Result "1/2-1/2"]
[WhiteElo "2292"]
[BlackElo "2205"]
[TimeControl "180+1"]
[EndTime "10:02:45 PDT"]
[Termination "Game drawn by stalemate"]

1. d4 Nf6 2. Nf3 d5 3. Bg5 Bg4 4. Ne5 Bf5 5. c4 c6 6. Nc3 e6 7. e3 Be7 8. Qb3 Qb6 9. c5 Qxb3 10. axb3 Nbd7 11. f4 h6 12. Bh4 Nxe5 13. fxe5 Ne4 14. Bxe7 Kxe7 15. Be2 b6 16. b4 Rhb8 17. Na4 bxc5 18.
bxc5 Rb3 19. Nb6 axb6 20. Rxa8 bxc5 21. Ra7+ Kf8 22. O-O Rxe3 23. Bh5 g6 24. g4 gxh5 25. gxf5 exf5 26. Rxf5 Ng5 27. h4 Rf3 28. Raxf7+ Nxf7 29. Rxf3 Ke7 30. dxc5 Nxe5 31. Rf5 Nd3 32. Rxh5 Nxc5 33. Rxh6 Kd7 34. Rh7+ Kd6 35. h5 d4 36. Rf7 d3 37.
Rf1 Ne4 38. h6 Ng5 39. Rd1 Ke6 40. Rxd3 Kf6 41. Rd6+ Kf7 42. Rxc6 Nf3+ 43. Kf2 Ne5 44.
Ra6 Ng4+ 45. Kg3 Ne5 46. b4 Nd3 47. b5 Nc5 48. Ra7+ Kg8 49. h7+ Kh8 50. b6 Ne4+ 51. Kf4 Nd6 52. b7 Nxb7 53. Rxb7 1/2-1/2

[Event "Early-Titled-Tuesday-Blitz-October-24-2023"]
[Site "Chess.com"]
[Date "2023.10.24"]
[Round "11"]
[White "krzyzan94"]
[Black "dosto07"]
[Result "1-0"]
[WhiteElo "2733"]
[BlackElo "2497"]
[TimeControl "180+1"]
[EndTime "10:02:49 PDT"]
[Termination "krzyzan94 won on time"]

1. e4 e5 2. Nf3 Nc6 3. d4 exd4 4. Nxd4 Nf6 5. Nc3 Bb4 6. Nxc6 bxc6 7. Bd3 d5 8. O-O O-O 9. exd5 cxd5 10. h3 c6 11. Qf3 Bd6 12. Bg5 h6 13. Bxf6 Qxf6 14. Qxf6 gxf6 15.
Ne2 Rb8 16. b3 Re8 17. Rad1 a5 18. Nd4 c5 19. Nf3 a4 20. Nh4 Re5 21. f4 Re3 22.
Bf5 Ba6 23. Rf2 axb3 24. axb3 Bb7 25. Bg4 Bf8 26. Nf5 Rc3 27. Bf3 c4 28. Rfd2 cxb3 29.
cxb3 Rxb3 30. Bxd5 Bxd5 31. Rxd5 Rb2 32. Rd8 R2b4 33.
g4 Kh7 34. Rxb8 Rxb8 35. Rd7 Kg8 36. Kg2 Ra8 37. Kg3 Ra3+ 38. Kh4 Bc5 39. Nxh6+ Kh7 40. g5 fxg5+ 41. fxg5 Kg6 42. Ng4 Bb4 43. Rd1 1-0

[Event "Early-Titled-Tuesday-Blitz-October-24-2023"]
[Site "Chess.com"]
[Date "2023.10.24"]
[Round "11"]
[White "whiteglovethief"]
[Black "jaskol95"]
[Result "1-0"]
[WhiteElo "2453"]
[BlackElo "2545"]
[TimeControl "180+1"]
[EndTime "10:02:49 PDT"]
[Termination "whiteglovethief won on time"]

1. d4 d5 2. Bf4 Nf6 3. e3 c6 4. c3 g6 5. Bd3 Bg7 6. Nd2 O-O 7. Ngf3 Nbd7 8. Ne5 Nxe5 9. Bxe5 Ng4 10. Bxg7 Kxg7 11. h3 Nf6 12. Qe2 c5 13. O-O c4 14. Bc2 b5 15. e4 dxe4 16. Nxe4 Bb7 17. Nxf6 exf6 18. Rfe1 Re8 19. Qxe8 Qxe8 20. Rxe8 Rxe8 21. Kf1 f5 22.
a4 a6 23. axb5 axb5 24. Ra5 Bc6 25. Ra6 Re6 26. Ra7 f4 27. f3 h5 28. Ra5 g5 29.
Be4 Bxe4 30. fxe4 Rxe4 31. Rxb5 Kf6 32. Rc5 Re3 33. Rxc4 g4 34. Rc5 gxh3 35. Rxh5 hxg2+ 36. Kxg2 Re2+ 37. Kf3 Rxb2 38. Kxf4 Rc2 39. Rh6+ Ke7 40. Rh3 Kd6 41. Ke4 Rc1 42. Rf3 Ke6 43. d5+ Ke7 44.
Kd4 Rc2 45. c4 Rd2+ 46. Rd3 Rc2 47. c5 Kd7 48. Ra3 Rf2 49. Ra7+ Kc8 50. Ke5 f5 51. d6 1-0

[Event "Early-Titled-Tuesday-Blitz-October-24-2023"]
[Site "Chess.com"]
[Date "2023.10.24"]
[Round "11"]
[White "laiciffOneslraCsungaM"]
[Black "crazy_m_attack"]
[Result "1-0"]
[WhiteElo "2347"]
[BlackElo "2431"]
[TimeControl "180+1"]
[EndTime "10:02:49 PDT"]
[Termination "laiciffOneslraCsungaM won by checkmate"]

1. d4 Nf6 2. Bf4 d5 3. e3 c5 4.
Nf3 Nc6 5. Nbd2 cxd4 6. exd4 Bf5 7. Bb5 Qb6 8. c4 dxc4 9. a4 e6 10. Nxc4 Qd8 11. O-O Be7 12. a5 a6 13. Bxc6+ bxc6 14. Nfe5 Nd5 15. Nxc6 Qd7 16. Nxe7 Nxf4 17. Nxf5 exf5 18.
Nb6 Qb7 19. Re1+ Kf8 20. d5 Rd8 21. Ra4 Ng6 22. d6 Kg8 23. d7 h6 24. g3 Kh7 25.
h4 Nf8 26. Rd4 Ne6 27. Rd6 f4 28. Qd3+ g6 29. Rdxe6 fxe6 30. Rxe6 Rhg8 31. h5 Rg7 32. hxg6+ Kh8 33. Re8+ Rg8 34. Qd4# 1-0

[Event "Early-Titled-Tuesday-Blitz-October-24-2023"]
[Site "Chess.com"]
[Date "2023.10.24"]
[Round "11"]
[White "Korchmar_Vasiliy"]
[Black "Krakozia"]
[Result "0-1"]
[WhiteElo "2772"]
[BlackElo "2946"]
[TimeControl "180+1"]
[EndTime "10:02:50 PDT"]
[Termination "Krakozia won by resignation"]

1. e4 c5 2. d4 cxd4 3. Qxd4 Nc6 4. Qd3 e6 5. Nc3 a6 6. Bf4 b5 7. O-O-O Bb7 8. Nf3 Nf6 9. Kb1 Rc8 10. Qe3 Bb4 11.
Nd5 exd5 12. exd5+ Ne7 13. d6 O-O 14. dxe7 Bxe7 15.
Bd3 Re8 16. Be5 Ng4 17. Qf4 Bxf3 18. gxf3 Nxe5 19. Qxe5 Bf6 20. Qf5 g6 21. Rhg1 Bg7 22. Qg4 Qf6 23. Qb4 a5 24. Qb3 b4 25. Bb5 Rc5 26. Bxd7 Re2 27. Rge1 Rcxc2 28. Qxc2 Rxc2 29.
Re8+ Bf8 30. Kxc2 Qxf3 31. Ba4 Kg7 32. Rd2 Bc5 33. Rc8 Qf5+ 0-1

[Event "Early-Titled-Tuesday-Blitz-October-24-2023"]
[Site "Chess.com"]
[Date "2023.10.24"]
[Round "11"]
[White "viktorgen2021"]
[Black "M1711"]
[Result "0-1"]
[WhiteElo "2441"]
[BlackElo "2565"]
[TimeControl "180+1"]
[EndTime "10:02:53 PDT"]
[Termination "M1711 won by resignation"]

1. Nf3 a6 2. c4 h6 3. g3 d6 4. Bg2 e6 5. O-O Nc6 6. b3 Bd7 7. Bb2 e5 8. Nc3 Nf6 9. d3 Qc8 10. Re1 Bh3 11. Bh1 Be7 12. a3 h5 13.
d4 h4 14. dxe5 dxe5 15. Nd5 hxg3 16. hxg3 Ng4 17. Nxe7 Kxe7 18. Qd5 Qf5 19. Qc5+ Kf6 20. Rad1 Kg6 21. Bc1 f6 22. b4 Nd4 23. Qxc7 Bf1 24.
Rxd4 Bxe2 25. Rxg4+ Qxg4 26. Rxe2 Rxh1+ 27. Kg2 Rxc1 28. Nh4+ Kh6 29. Qxb7 Qxe2 30. Qxa8 Qf1+ 31. Kf3 Qh1+ 32.
Ng2 Qh5+ 33. g4 Rc3+ 34. Ne3 Qh1+ 35. Ke2 Qxa8 36. g5+ Kxg5 37. Nf5 Kxf5 0-1

[Event "Early-Titled-Tuesday-Blitz-October-24-2023"]
[Site "Chess.com"]
[Date "2023.10.24"]
[Round "11"]
[White "Barmen_EV"]
[Black "Kirill_Klukin"]
[Result "0-1"]
[WhiteElo "2493"]
[BlackElo "2632"]
[TimeControl "180+1"]
[EndTime "10:02:54 PDT"]
[Termination "Kirill_Klukin won by checkmate"]

1. e4 c5 2. c3 g6 3. d4 cxd4 4. cxd4 d5 5. exd5 Bg7 6. Nc3 Nf6 7. Bc4 O-O 8. Nf3 Nbd7 9. O-O Nb6 10. Bb3 Nfxd5 11. h3 Be6 12. Ng5 Bf5 13. Qf3 Nxc3 14.
bxc3 Bf6 15. Nxf7 Rxf7 16. g4 Bd7 17. Bxf7+ Kxf7 18. g5 Bc6 19. Qf4 Nd5 20. Qf3 Nc7 21. Qg3 Bg7 22. Bf4 Ne6 23. Be5 Qd5 24. f3 Bxe5 25. Qxe5 Qxe5 26. dxe5 Nxg5 27. f4 Ne4 28. Rac1 Ng3 29. Rfe1 Rd8 30. Kf2 Nf5 31. Red1 Rc8 32. c4 Ke6 33. c5 Bd5 34. Rd2 Bc6 35. Rcd1 Bb5 36. Rd8 Rxc5 37. R1d2 Bc6 38. Rh8 h5 39.
Rg8 Rc3 40. Rxg6+ Kf7 41. Rg1 Rf3+ 42. Ke2 Rxh3 43. Rd8 Rg3 44. Rgd1 Bf3+ 45. Kf2 Bxd1 46. Rxd1 Rg4 47. Kf3 Rg3+ 48. Ke4 Ke6 49. Re1 h4 50. a4 h3 51. a5 h2 52. a6 h1=Q+ 53. Rxh1 Re3# 0-1

[Event "Early-Titled-Tuesday-Blitz-October-24-2023"]
[Site "Chess.com"]
[Date "2023.10.24"]
[Round "11"]
[White "slorovel"]
[Black "Pumpkin_in_moonlight"]
[Result "1-0"]
[WhiteElo "2467"]
[BlackElo "2353"]
[TimeControl "180+1"]
[EndTime "10:02:54 PDT"]
[Termination "slorovel won on time"]

1. e4 e5 2. Nf3 Nc6 3. Bb5 a6 4.
Ba4 Nf6 5. O-O Be7 6. Re1 b5 7. Bb3 d6 8. c3 O-O 9. d4 Bg4 10.
Be3 Re8 11. h3 Bxf3 12. Qxf3 Bf8 13. Nd2 h6 14. a4 Na5 15. Bc2 c5 16. Red1 Qc7 17. d5 Nd7 18. Nf1 c4 19. g4 Nc5 20.
axb5 axb5 21. Ng3 Ncb3 22. Rab1 g6 23. h4 Nb7 24. h5 Qe7 25. Kg2 N7c5 26. Rh1 Nd3 27. Ne2 g5 28. Ng3 Nf4+ 29. Bxf4 exf4 30. Nf5 Qe5 31. Bxb3 cxb3 32. Rhe1 Bg7 33. Qd3 b4 34. c4 Ra2 35. Qxb3 Rea8 36. Nxg7 Kxg7 37. f3 R8a4 38. Re2 Qd4 39. Rd1 Qe5 40. Red2 R4a3 41. bxa3 Rxa3 42. Qxb4 Re3 43. Qb2 Rxe4 44. fxe4 1-0

[Event "Early-Titled-Tuesday-Blitz-October-24-2023"]
[Site "Chess.com"]
[Date "2023.10.24"]
[Round "11"]
[White "AvitalBor"]
[Black "DefiantChair"]
[Result "1-0"]
[WhiteElo "2860"]
[BlackElo "2681"]
[TimeControl "180+1"]
[EndTime "10:02:55 PDT"]
[Termination "AvitalBor won by resignation"]

1. e4 e5 2. Bc4 Nf6 3. d3 c6 4. Nf3 Be7 5. O-O d6 6. h3 O-O 7. Nc3 Nbd7 8. Re1 h6 9. Ne2 a5 10. c3 Re8 11. Ng3 Bf8 12. d4 exd4 13. Nxd4 d5 14.
exd5 Rxe1+ 15. Qxe1 Nb6 16. Bd3 Nbxd5 17. Ndf5 Be6 18. Bc2 Bc5 19. Bxh6 gxh6 20. Nxh6+ Kg7 21. Ngf5+ Bxf5 22. Nxf5+ Kg8 23. Qe5 Qb8 24. Nh6+ Kf8 25. Qf5 Qf4 26. Qxf4 Nxf4 27. Rd1 Re8 28. Bd3 Nxd3 29.
Rxd3 Re2 30. Rf3 Rxf2 31. Rxf2 Ne4 32. Ng4 f5 33. Kf1 Kg7 34. Rf4 Ng3+ 35. Ke1 Bd6 36. Rd4 Bc5 37. Rd7+ Kg6 38. Ne5+ Kf6 39. Nd3 Be3 40.
Rxb7 Ne4 41. Rc7 c5 42. Ke2 Bg1 43. g4 c4 44. Rxc4 Ng3+ 45. Kf3 Ne4 46. Rc6+ Kg5 47. gxf5 Kxf5 48. Ra6 a4 49. Ra5+ 1-0